 Dungeon Crawl Stone Soup version 0.29.0-4-gdea44cf6ec (webtiles) character file.

Game seed: 13969830282397730213

16 qw the Firebug (level 2, -1/23 HPs)
             Began as a Ghoul Fire Elementalist on Aug 29, 2022.
             Slain by a hobgoblin (3 damage)
             ... on level 1 of the Dungeon.
             The game lasted 00:00:36 (702 turns).

qw the Firebug (Ghoul Fire Elementalist)             Turns: 702, Time: 00:00:36

Health: -1/23      AC:  2    Str: 11    XL:     2   Next: 58%
Magic:  3/3        EV: 12    Int: 10    God:
Gold:   11         SH:  0    Dex:  9    Spells: 3/4 levels left

rFire   . . .      SeeInvis .     - Unarmed
rCold   + . .      Faith    .   (no shield)
rNeg    + + +      Spirit   .   a - +0 robe
rPois   inf        Reflect  .   (no helmet)
rElec   .          Harm     .   (no cloak)
rCorr   .          Rampage  .   (no gloves)
Will    .....                   (no boots)
Stlth   ++........              (no amulet)
HPRegen 0.00/turn               (no ring)
MPRegen 0.08/turn               (no ring)

@: inhibited regen
A: claws 1, cold resistance 1, negative energy resistance 3, inhibited
regeneration, torment resistance 2, devour on kill
a: no special abilities


You were on level 1 of the Dungeon.
You visited 1 branch of the dungeon, and saw 1 of its levels.

You collected 11 gold pieces.


Innate Abilities, Weirdness & Mutations

You are immune to poison.
You have sharp fingernails.
Your flesh is cold resistant. (rC+)
You are immune to negative energy. (rN+++)
You do not regenerate when monsters are visible.
You are immune to unholy pain and torment.
You thrive by killing the living.


   Skills:
 - Level 1.1 Fighting
 - Level 1.7 Dodging
 - Level 2.1 Stealth
 + Level 1.9 Unarmed Combat
 - Level 1.7 Spellcasting
 - Level 0.7 Conjurations
 - Level 2.4 Fire Magic


You had 3 spell levels left.
You knew the following spells:

 Your Spells              Type           Power      Damage    Failure   Level
a - Foxfire               Conj/Fire      16%        2x1d4     17%         1

Your spell library contained the following spells:

 Spells                   Type           Power      Damage    Failure   Level
 Scorch                   Fire           10%        2d6       19%         2
 Conjure Flame            Conj/Fire      4%         6-21      45%         3
 Inner Flame              Hex/Fire       3%         N/A       52%         3
 Flame Wave               Conj/Fire      4%         2d5       86%         4

Inventory:

Armour
 a - a +0 robe (worn)
 f - a +0 helmet
Scrolls
 c - 2 scrolls of identify {unknown}
 d - a scroll of acquirement {unknown}
Potions
 b - a potion of magic
 e - a potion of degeneration {unknown}

Dungeon Overview and Level Annotations

Branches:
Dungeon (1/15)

Altars:


Message History

A hobgoblin comes into view.
684 ||| Stepping ~*~*~tactically~*~*~ (stealth).
685 ||| Stepping ~*~*~tactically~*~*~ (stealth).
The hobgoblin attacks as you move away! The hobgoblin hits you.
686 ||| Stepping ~*~*~tactically~*~*~ (stealth).
The hobgoblin attacks as you move away! The hobgoblin hits you.
687 ||| Stepping ~*~*~tactically~*~*~ (outnumbered).
688 ||| Stepping ~*~*~tactically~*~*~ (outnumbered).
The hobgoblin attacks as you move away!
The hobgoblin hits you but does no damage.
689 ||| Stepping ~*~*~tactically~*~*~ (outnumbered).
690 ||| Stepping ~*~*~tactically~*~*~ (outnumbered).
691 ||| Stepping ~*~*~tactically~*~*~ (outnumbered).
The kobold attacks as you move away!
The kobold hits you with a +0 short sword.
The hobgoblin attacks as you move away! The hobgoblin barely misses you.
692 ||| Stepping ~*~*~tactically~*~*~ (outnumbered).
The hobgoblin attacks as you move away! The hobgoblin hits you.
You barely miss the kobold.
The kobold hits you with a +0 short sword.
694 ||| Stepping ~*~*~tactically~*~*~ (outnumbered).
You scratch the kobold but do no damage.
The kobold closely misses you.
You closely miss the kobold. Your claw misses the kobold.
The kobold closely misses you.
You scratch the kobold.
The kobold is moderately wounded.
The kobold barely misses you.
You scratch the kobold but do no damage.
The kobold is moderately wounded.
The kobold hits you with a +0 short sword.
You scratch the kobold.
You kill the kobold!
You barely miss the hobgoblin.
701 ||| Stepping ~*~*~tactically~*~*~ (outnumbered).
The hobgoblin attacks as you move away! The hobgoblin hits you.
You scratch the hobgoblin.
The hobgoblin is almost dead.
The hobgoblin hits you.
You die...

### ###.########## ###
#............. #.. #.############
#.##### #.# #######.#gg.# #.#
#.......#)#@# #.# ###### .
#...........#.#.######....##
..###...........#.#.##..........
...............#.#.#...##....##
#........#.#.#.#.#.....######
#........#.#...#.#.....##...#
#............#.#.#........... #.
#........#.....#.#...#.##....
#?#[#..###.#.#.#..%#.#.....#.....


You could see 2 hobgoblins.

Vanquished Creatures
  A dart slug (D:1)
  2 bats (D:1)
  2 giant cockroaches (D:1)
  A hobgoblin (D:1)
  5 jackals (D:1)
  A kobold (D:1)
12 creatures vanquished.

Notes
Turn   | Place    | Note
-------+----------+-------------------------------------------
     0 | D:1      | qw the Ghoul Fire Elementalist began the quest for the Orb.
     0 | D:1      | Reached XP level 1. HP: 14/14 MP: 2/2
     0 | D:1      | 0 ||| qw: Version: 0.1-a-90-g952f4b7
     0 | D:1      | 0 ||| qw: Game counter: 3919
     0 | D:1      | 0 ||| qw: Always use a shield: true
     0 | D:1      | 0 ||| qw: God list: Okawaru
     0 | D:1      | 0 ||| qw: Allow faded altars: false
     0 | D:1      | 0 ||| qw: Do Orc after D:15 true
     0 | D:1      | 0 ||| qw: Do second Lair branch before Depths: true
     0 | D:1      | 0 ||| qw: Lair rune preference: random
     0 | D:1      | 0 ||| qw: Plans: Normal
     0 | D:1      | 0 ||| PLANNING D:1-11
   175 | D:1      | Reached skill level 1 in Unarmed Combat
   350 | D:1      | Reached XP level 2. HP: 22/22 MP: 3/3
   385 | D:1      | 385 ||| Stepping ~*~*~tactically~*~*~ (stealth).
   392 | D:1      | Reached skill level 1 in Fighting
   393 | D:1      | 393 ||| Stepping ~*~*~tactically~*~*~ (outnumbered).
   684 | D:1      | 684 ||| Stepping ~*~*~tactically~*~*~ (stealth).
   685 | D:1      | 685 ||| Stepping ~*~*~tactically~*~*~ (stealth).
   686 | D:1      | 686 ||| Stepping ~*~*~tactically~*~*~ (stealth).
   687 | D:1      | 687 ||| Stepping ~*~*~tactically~*~*~ (outnumbered).
   688 | D:1      | 688 ||| Stepping ~*~*~tactically~*~*~ (outnumbered).
   689 | D:1      | 689 ||| Stepping ~*~*~tactically~*~*~ (outnumbered).
   690 | D:1      | 690 ||| Stepping ~*~*~tactically~*~*~ (outnumbered).
   691 | D:1      | 691 ||| Stepping ~*~*~tactically~*~*~ (outnumbered).
   692 | D:1      | 692 ||| Stepping ~*~*~tactically~*~*~ (outnumbered).
   694 | D:1      | 694 ||| Stepping ~*~*~tactically~*~*~ (outnumbered).
   698 | D:1      | HP: 5/23 [kobold/+0 short sword (4)]
   701 | D:1      | 701 ||| Stepping ~*~*~tactically~*~*~ (outnumbered).
   701 | D:1      | HP: 2/23 [hobgoblin (3)]
   702 | D:1      | Slain by a hobgoblin

Levels and vault maps discovered:
D:1:      mrwooster_arrival_arrow, layout_basic,
          nicolae_concentric_dashed_squares_mild, minmay_pentomino_o4

Skill      XL: |  1  2 |
---------------+-------+-----
Unarmed Combat | 1 |  1.9
Fighting       | 1 |  1.1
Dodging        | |  1.7
Stealth        | |  2.1
Spellcasting   | |  1.7
Conjurations   | |  0.7
Fire Magic     | |  2.4

Action                   || total
-------------------------++-------
Melee: Unarmed           ||    65
       Punch             ||     1
Armor: Robe              ||    15
Dodge: Dodged            ||    39

Table legend:
 A = Non-vault XP
 B = Vault XP
 C = Vault XP percentage of total XP
 D = Non-vault monster count
 E = Vault monster count
 F = Vault count percentage of total count
                 A         B        C        D         E       F
            +---------+---------+-------+---------+---------+-------
      Total |      22 |       2 |   8.3 |      10 |       2 |  16.7
            +---------+---------+-------+---------+---------+-------
        D:1 |      22 |       2 |   8.3 |      10 |       2 |  16.7
            +---------+---------+-------+---------+---------+-------
